 Dungeon Crawl Stone Soup version 0.21-a0-442-g848f44b (webtiles) character file.

7067 kae the Whirler (level 11, -9/75 HPs)
             Began as a Halfling Hunter on Nov 12, 2017.
             Was a Priest of Okawaru.
             Mangled by a polar bear (20 damage)
             ... on level 1 of the Lair of Beasts.
             The game lasted 00:18:20 (10535 turns).

kae the Whirler (Halfling Hunter)                  Turns: 10535, Time: 00:18:21

Health: -9/75      AC:  4    Str: 13    XL:     11   Next: 30%
Magic:  14/14      EV: 24    Int:  9    God:    Okawaru [***...]
Gold:   304        SH:  7    Dex: 19    Spells: 10/10 levels left

rFire    . . .     SeeInvis .   a - +1 whip (elec)
rCold    . . .     Gourm    +   A - +0 buckler
rNeg     . . .     Faith    .   c - +1 leather armour
rPois    .         Spirit   .   (no helmet)
rElec    .         Reflect  .   (no cloak)
rCorr    .         Harm     .   (no gloves)
MR       .....                  (no boots)
Stlth    ++........             w - amulet of the gourmand
HPRegen  0.22/turn              u - +3 ring of evasion
MPRegen  0.14/turn              n - +3 ring of slaying

@: no status effects
A: mutation resistance 1
a: Heroism, Renounce Religion


You were on level 1 of the Lair of Beasts.
You worshipped Okawaru.
Okawaru was most pleased with you.
You were completely stuffed.

You visited 3 branches of the dungeon, and saw 10 of its levels.

You collected 454 gold pieces.
You spent 150 gold pieces at shops.

Inventory:

Hand Weapons
 a - a +1 whip of electrocution (weapon)
 b - a +2 hunting sling
 r - a +0 short sword
 z - the +2 dagger of the Traitor {drain, Dex+3}
   (You found it on level 6 of the Dungeon)

   A truly terrible weapon, it drains the life of those it strikes.
   It affects your dexterity (+3).
Missiles
 k - 256 stones (quivered)
Armour
 c - a +1 leather armour (worn)
 A - a +0 buckler (worn)
Jewellery
 i - an uncursed ring of see invisible
 m - an uncursed amulet of magic regeneration
 n - a +3 ring of slaying (right hand)
 u - a +3 ring of evasion (left hand)
 w - an amulet of the gourmand (around neck)
 B - an uncursed ring of protection from cold
 I - an uncursed ring of poison resistance
 P - a +3 amulet of reflection
Wands
 l - a wand of flame (30/48)
 x - a wand of lightning (10/15)
 y - a wand of iceblast (6/15)
 J - a wand of paralysis (13/24)
 L - a wand of paralysis (15/24)
 R - a wand of polymorph (6/24)
Scrolls
 d - a scroll of fog
 e - a scroll of amnesia
 j - 2 scrolls of enchant armour
 o - 4 scrolls of recharging
 q - 2 scrolls of remove curse
 s - 2 scrolls of blinking
 E - a scroll of teleportation
 G - 2 scrolls of enchant weapon
 M - a scroll of identify
 S - a scroll of fear
Potions
 t - a potion of brilliance
 v - 3 potions of flight
 D - 2 potions of cancellation
 F - a potion of curing
 Q - a potion of resistance
Comestibles
 f - 10 bread rations
 p - 5 meat rations
 C - 6 fruits
 H - a chunk of flesh
 K - 5 royal jellies


   Skills:
 + Level 7.3 Fighting
 * Level 15.5 Slings
 + Level 8.2 Dodging
 - Level 1.1 Stealth
 - Level 5.5 Shields
 + Level 4.7 Invocations


You had 10 spell levels left.
You didn't know any spells.

Dungeon Overview and Level Annotations

Branches:
Dungeon (8/15)             Temple (1/1) D:7            Lair (1/6) D:8

Altars:
Dithmenos
Elyvilon
Fedhas
Gozag
Hepliaklqana
Nemelex Xobeh
Okawaru
Ru
Sif Muna
Uskayaw
Vehumet
Wu Jian
Xom
Zin
The Shining One
Lugonu

Shops:
D:5 ?   D:6 =*

Annotations:
D:8 zkyp's ghost, journeyman MfMo


Innate Abilities, Weirdness & Mutations

You are small and have problems with some larger weapons.
You are somewhat resistant to further mutation.


Message History

The polar bear is severely wounded.
You block the polar bear's attack.
The polar bear completely misses you. x2
You block the polar bear's attack. The polar bear barely misses you.
The polar bear claws you.
You barely miss the polar bear.
The polar bear is severely wounded.
You feel like a meek peon again. The polar bear closely misses you.
You block the polar bear's attack. The polar bear closely misses you.
You hit the polar bear.
The polar bear is severely wounded.
The polar bear barely misses you. The polar bear completely misses you.
You block the polar bear's attack. The polar bear bites you!!
* * * LOW HITPOINT WARNING * * *
The polar bear completely misses you. The polar bear misses you.
You hit the polar bear but do no damage.
The polar bear is severely wounded.
The polar bear misses you.
The polar bear completely misses you. x2
The polar bear bites you!!
You die...

# ###. ##... ##P...
#############.....
##.##.#.#.#........
##.@...........#....
#.#h........###.....
##.(.......#.##.....
##...........P#.....
###P((#.####P.P.......
##....####(.###...#....
#....(# #P(†÷#...###...
........# #..#h....#
#...
......P.#....#.÷#..#
####


You could see a polar bear (berserk).

Vanquished Creatures
  Pikel (D:7)
  A spiny frog (Lair:1)
  A polar bear (Lair:1)
  2 hippogriffs
  A hungry ghost (D:8)
  4 hogs (D:8)
  A human (D:8)
  Grum (D:8)
  A water moccasin (Lair:1)
  5 porcupines
  An orc warrior (D:8)
  A sky beast (D:7)
  An ice beast (D:8)
  A phantom (D:8)
  9 black bears
  2 ogres
  2 wolves (D:8)
  3 centaurs
  The ghost of Nattefrost the Chucker, an amateur TeHu (D:3)
  7 bullfrogs
  4 scorpions
  2 wyvern skeletons
  8 killer bees
  8 wights
  5 howler monkeys
  2 hounds
  2 orc priests
  4 orc wizards
  Jessica (D:2)
  2 bullfrog skeletons
  6 worker ants
  Natasha (thrice) (D:2)
  A hound skeleton (D:6)
  A worker ant zombie (D:6)
  3 gnolls (D:2)
  7 adders
  A shadow imp (D:7)
  An ooze (D:7)
  3 adder skeletons
  4 worms
  3 dart slugs
  3 leopard geckos
  15 orcs
  10 bats
  12 giant cockroaches
  8 goblins
  11 hobgoblins
  6 jackals
  10 kobolds
  5 quokkas
  7 frilled lizards
  6 rats
210 creatures vanquished.

Vanquished Creatures (others)
  3 slaves (D:7)
  A howler monkey (D:7)
  An adder (D:7)
  10 fungi (D:8)
  A plant (Lair:1)
16 creatures vanquished.

Grand Total: 226 creatures vanquished

Notes
Turn   | Place    | Note
-------+----------+-------------------------------------------
     0 | D:1      | kae the Halfling Hunter began the quest for the Orb.
     0 | D:1      | Reached XP level 1. HP: 14/14 MP: 1/1
   171 | D:1      | Reached skill level 6 in Slings
   214 | D:1      | Reached XP level 2. HP: 15/19 MP: 2/2
   801 | D:1      | Reached XP level 3. HP: 24/24 MP: 3/3
  1608 | D:2      | Reached skill level 7 in Slings
  1675 | D:2      | Noticed Natasha
  1677 | D:2      | Killed Natasha
  1677 | D:2      | Reached XP level 4. HP: 14/30 MP: 4/4
  1923 | D:2      | Noticed Natasha
  1931 | D:2      | Killed Natasha
  1931 | D:2      | Reached XP level 5. HP: 34/36 MP: 5/5
  2091 | D:2      | Reached skill level 8 in Slings
  2144 | D:2      | Noticed Natasha
  2155 | D:2      | Killed Natasha
  2199 | D:2      | Noticed Jessica
  2207 | D:2      | Killed Jessica
  2220 | D:2      | Reached XP level 6. HP: 35/42 MP: 6/6
  3244 | D:3      | Noticed Nattefrost's ghost (amateur TeHu)
  3259 | D:3      | Killed Nattefrost's ghost
  3259 | D:3      | Reached skill level 9 in Slings
  3876 | D:4      | Reached XP level 7. HP: 43/46 MP: 7/7
  3897 | D:4      | Found a white marble altar of Elyvilon.
  3897 | D:4      | Found a hide-covered altar of Uskayaw.
  3898 | D:4      | Found a shimmering altar of Xom.
  3946 | D:4      | Reached skill level 1 in Shields
  4590 | D:5      | Entered Level 5 of the Dungeon
  4604 | D:5      | Reached skill level 10 in Slings
  4657 | D:5      | Found a sacrificial altar of Ru.
  4689 | D:6      | Reached XP level 8. HP: 54/54 MP: 8/8
  4931 | D:6      | You fall through a shaft!
  4998 | D:7      | Found a blossoming altar of Fedhas.
  5043 | D:7      | Reached skill level 11 in Slings
  5413 | D:6      | Reached skill level 5 in Dodging
  5417 | D:6      | Reached XP level 9. HP: 51/60 MP: 9/9
  5445 | D:6      | Got a steaming dagger
  5547 | D:6      | Identified the cursed +2 dagger of the Traitor {drain, Dex+3} (You found it on level 6 of the Dungeon)
  5683 | D:6      | Found Bikhlin's Assorted Antiques.
  5793 | D:6      | Reached skill level 5 in Fighting
  5899 | D:6      | Reached skill level 12 in Slings
  5916 | D:6      | Found Apuottiz's Jewellery Shoppe.
  5931 | D:6      | Bought a cursed ring of loudness for 45 gold pieces
  5931 | D:6      | Bought a cursed ring of teleportation for 45 gold pieces
  6138 | D:5      | Found Woppof's Magic Scroll Shoppe.
  6146 | D:5      | Bought 2 scrolls of identify for 40 gold pieces
  6146 | D:5      | Bought a scroll of identify for 20 gold pieces
  6210 | D:5      | Found a deep blue altar of Sif Muna.
  6249 | D:5      | Found a radiant altar of Vehumet.
  6728 | D:7      | Found a staircase to the Ecumenical Temple.
  6822 | Temple   | Entered the Ecumenical Temple
  6855 | Temple   | Became a worshipper of Warmaster Okawaru
  7077 | D:7      | Noticed Pikel
  7100 | D:7      | Reached skill level 5 in Shields
  7105 | D:7      | Killed Pikel
  7105 | D:7      | Reached * piety under Okawaru
  7105 | D:7      | Reached skill level 13 in Slings
  7105 | D:7      | Reached XP level 10. HP: 68/68 MP: 10/10
  7704 | D:8      | Reached skill level 1 in Invocations
  7716 | D:8      | Noticed zkyp's ghost (journeyman MfMo)
  8170 | D:8      | Reached skill level 14 in Slings
  8182 | D:8      | Reached ** piety under Okawaru
  8569 | D:8      | Noticed Grum
  8578 | D:8      | Killed Grum
  8836 | D:8      | Found a staircase to the Lair.
  9586 | Lair:1   | Entered Level 1 of the Lair of Beasts
  9619 | Lair:1   | Reached XP level 11. HP: 54/74 MP: 11/13
  9976 | Lair:1   | Reached *** piety under Okawaru
  9976 | Lair:1   | Reached skill level 15 in Slings
 10535 | Lair:1   | Mangled by a polar bear

Vault maps used:
D:1:      scummos_arrival_hexagon
D:2:      uniq_jessica, uniq_natasha
D:3:      cheibrodos_old_hovel, first_bread
D:4:      grunt_temple_overflow_open
D:5:      kennysheep_little_box, nicolae_overflow_hidden_temple,
          nicolae_overflow_crystal_walls, serial_shops, shop_scrolls
D:6:      serial_shops, nicolae_shop_overgrown_old_shop,
          nicolae_shop_competitors_out_of_business
D:7:      fedhas_altar_1, minmay_temple_entry_junction_2, uniq_pikel
D:8:      grunt_lair_entry_orc_guard_hut, serial_glass, glass_columns_b,
          glass_columns_a, glass_columns_a, glass_columns_c, glass_columns_b,
          glass_columns_c, grunt_livestock, uniq_grum
Temple:   corrupted_temple
Lair:1:   beast_lair_carwin_large_1

Skill      XL: |  1  2  3  4  5  6  7  8  9 10 11 |
---------------+----------------------------------+-----
Slings         | 6 7 8 9 10 11 13 14 15 | 15.5
Fighting       | 2 3 4 5 6 7 |  7.3
Dodging        | 3 4 5 6 7 8 |  8.2
Shields        | 2 3 5 |  5.5
Invocations    | 3 4 |  4.7
Stealth        | |  1.1

Action                   |  1- 3 |  4- 6 |  7- 9 | 10-12 || total
-------------------------+-------+-------+-------+-------++-------
Melee: Short sword       |   140 |    61 |       |       ||   201
       Whip              |       |    78 |   191 |   199 ||   468
       Dagger            |       |       |   222 |       ||   222
 Fire: Hunting sling     |    12 |    61 |    46 |   114 ||   233
Invok: Heroism           |       |       |       |    14 ||    14
  Use: Scroll            |       |    11 |     7 |     7 ||    25
       Potion            |       |       |     6 |     3 ||     9
 Stab: Sleeping          |     2 |     4 |       |       ||     6
       Invisible         |       |       |       |     1 ||     1
  Eat: Chunk             |     3 |    21 |    11 |    21 ||    56
Armor: Leather armour    |    36 |    14 |    32 |    17 ||    99
       Skin              |       |       |    27 |       ||    27
Dodge: Dodged            |   107 |   107 |   342 |   242 ||   798
Block: Other             |     1 |    10 |       |       ||    11
       Buckler           |       |     7 |   156 |   102 ||   265

Table legend:
 A = Spawn XP
 B = Non-spawn XP
 C = Spawn XP percentage of total XP
 D = Spawn monster count
 E = Non-spawn monster count
 F = Spawn count percentage of total count
 G = Total turns spent on level
                    A         B        C        D         E        F      G
               +---------+---------+-------+---------+---------+-------+---------
         Total |       0 |   10097 |   0.0 |       0 |     211 |   0.0 | 10535
               +---------+---------+-------+---------+---------+-------+---------
           D:1 |       0 |      43 |   0.0 |       0 |      28 |   0.0 |  1233
           D:2 |       0 |     269 |   0.0 |       0 |      29 |   0.0 |  1595
           D:3 |       0 |     149 |   0.0 |       0 |      20 |   0.0 |   675
           D:4 |       0 |     349 |   0.0 |       0 |      23 |   0.0 |  1087
           D:5 |       0 |     736 |   0.0 |       0 |      21 |   0.0 |   818
           D:6 |       0 |     954 |   0.0 |       0 |      22 |   0.0 |   959
           D:7 |       0 |    1733 |   0.0 |       0 |      24 |   0.0 |  1157
           D:8 |       0 |    3512 |   0.0 |       0 |      30 |   0.0 |  2131
        Lair:1 |       0 |    2352 |   0.0 |       0 |      14 |   0.0 |   833
               +---------+---------+-------+---------+---------+-------+---------
